 Dungeon Crawl Stone Soup version 0.26-a0-672-g1df16c3386 (webtiles) character file.

Game seed: 8021285559189389136

1568 robertstho the Thaumaturge (level 8, -2/43 HPs)
             Began as a Deep Elf Ice Elementalist on Oct 19, 2020.
             Slain by a centaur (6 damage)
             ... on level 6 of the Dungeon.
             The game lasted 00:11:09 (7355 turns).

robertstho the Thaumaturge (DEIE)                   Turns: 7355, Time: 00:11:10

Health: -2/43      AC:  2    Str:  5    XL:     8   Next: 59%
Magic:  20/23      EV: 13    Int: 23    God:
Gold:   327        SH:  0    Dex: 15    Spells: 15/26 levels left

rFire    . . .     SeeInvis .   p - +1 dagger (holy)
rCold    . . .     Faith    .   (no shield)
rNeg     . . .     Spirit   .   a - +0 robe
rPois    .         Reflect  .   (no helmet)
rElec    .         Harm     .   (no cloak)
rCorr    .         Rampage  .   (no gloves)
MR       .....                  (no boots)
Stlth    +++.......             (no amulet)
HPRegen  0.14/turn              (no ring)
MPRegen  0.18/turn              (no ring)

@: frozen ramparts
A: no striking features
a: no special abilities


You were on level 6 of the Dungeon.
You visited 1 branch of the dungeon, and saw 6 of its levels.

You collected 327 gold pieces.

Inventory:

Hand Weapons
 g - a +0 spear
 p - a +1 dagger of holy wrath (weapon)
 q - a +0 whip of freezing
Armour
 a - a +0 robe (worn)
Jewellery
 t - a +6 ring of dexterity {unknown}
Wands
 n - a wand of flame (21)
Scrolls
 b - 7 scrolls of teleportation {unknown}
 c - 7 scrolls of identify {unknown}
 d - a scroll of immolation {unknown}
 e - 10 scrolls of remove curse {unknown}
 h - 2 scrolls of amnesia {unknown}
 i - a scroll of noise {unknown}
 j - a scroll of enchant weapon {unknown}
 k - a scroll of fog {unknown}
 m - a scroll of enchant armour {unknown}
 u - a scroll of random uselessness {unknown}
Potions
 f - 2 potions of degeneration
 l - a potion of mutation {unknown}
 o - a potion of curing
 r - a potion of stabbing {unknown}
 s - a potion of brilliance
 v - a potion of heal wounds
 w - a potion of cancellation {unknown}


   Skills:
 + Level 1.0 Fighting
 + Level 1.4 Short Blades
 + Level 1.4 Polearms
 + Level 3.1 Dodging
 + Level 4.3 Stealth
 * Level 9.7 Spellcasting
 + Level 1.6 Summonings
 * Level 8.3 Ice Magic


You had 15 spell levels left.
You knew the following spells:

 Your Spells              Type           Power        Failure   Level
a - Freeze                Ice            ####         1%          1
b - Frozen Ramparts       Ice            #####.       1%          3
c - Ozocubu's Armour      Ice            #####...     1%          3
d - Summon Ice Beast      Ice/Summ       ####....     8%          4

Your spell library contained the following spells:

 Spells                   Type           Power        Failure   Level
 Beastly Appendage        Tmut           ##....       6%          1
 Wereblood                Tmut           ##......     9%          2
 Hailstorm                Conj/Ice       ####....     11%         4
 Ice Form                 Ice/Tmut       ####....     11%         4
 Confusing Touch          Hex            ##......     17%         3
 Gell's Gravitas          Tloc           ##........   17%         3
 Spider Form              Tmut/Pois      ##........   17%         3
 Metabolic Englaciation   Hex/Ice        ####......   28%         5
 Petrify                  Tmut/Erth      ##......     50%         4
 Blade Hands              Tmut           ##........   85%         5
 Yara's Violent Unravell  Hex/Tmut       ##........   85%         5


Dungeon Overview and Level Annotations

Branches:
Dungeon (6/15)             Temple (0/1) D:6

Altars:
Ashenzari

Annotations:
D:6 1 runed translucent door, Whiskey's ghost, novice OpIE


Message History

The centaur shouts!
The centaur wields a +0 shortbow.
The centaur shoots an arrow.
The arrow hits you but does no damage.
The centaur shoots an arrow.
The arrow misses you.
Found a dagger and a leather armour.
You see here 2 arrows.
The centaur shoots an arrow.
The arrow hits you!
The centaur shoots an arrow.
The arrow hits you!
You see here an arrow.
The centaur shoots an arrow.
The arrow misses you.
The centaur shoots an arrow.
The arrow hits you!
* * * LOW HITPOINT WARNING * * *
You see here an arrow.
The centaur unwields a +0 shortbow.
The centaur hits you.
* * * LOW HITPOINT WARNING * * *
Casting: Frozen Ramparts (safe; 1% risk of failure)
Confirm with . or Enter, or press ? or * to list all spells.
The walls around you are covered in ice.
The wall freezes the centaur.
The centaur hits you.
You die...

#.# #.# #.# #.# #.# ####
#### #.# #.. . ..# #.###
##c###.# #.# #.#.##
..####.@..#.###.###....#
..'....(................
..####.().#####.###....#
##(.######.# #...##
#(.(......# ##.##
##.######## #.# #.# #.#
#[# #.# #.# .#


You could see a centaur.

Vanquished Creatures
  Pikel (D:4)
  Edmund (D:4)
  An ogre (D:6)
  A bullfrog (D:4)
  A scorpion (D:5)
  A quasit (D:5)
  A bullfrog zombie (D:6)
  3 hounds
  A jelly (D:5)
  A bullfrog skeleton (D:5)
  A centaur skeleton (D:5)
  Jessica (D:2)
  3 worker ants
  Robin (D:2)
  2 howler monkey skeletons
  9 gnolls
  4 adders
  A shadow imp (D:5)
  2 ufetubi (D:6)
  2 oozes (D:2)
  4 worms
  2 dart slugs
  3 leopard geckos
  4 orcs
  2 ball pythons (D:3)
  2 giant cockroaches
  10 goblins
  10 hobgoblins
  5 jackals
  4 quokkas
  9 bats
  9 frilled lizards
  A giant cockroach zombie (D:6)
  A jackal zombie (D:5)
  13 kobolds
  A quokka skeleton (D:4)
  8 rats
126 creatures vanquished.

Vanquished Creatures (collateral kills)
  An ice beast (D:5)
  A phantom (D:5)
  2 bullfrog skeletons
  An iguana (D:5)
  2 giant cockroaches
7 creatures vanquished.

Grand Total: 133 creatures vanquished

Notes
Turn   | Place    | Note
-------+----------+-------------------------------------------
     0 | D:1      | robertstho the Deep Elf Ice Elementalist began the quest
                  | for the Orb.
     0 | D:1      | Reached XP level 1. HP: 10/10 MP: 6/6
   268 | D:1      | Reached XP level 2. HP: 10/15 MP: 5/8
   681 | D:1      | Reached XP level 3. HP: 19/19 MP: 7/10
  1160 | D:2      | Reached skill level 5 in Ice Magic
  1215 | D:2      | You fall into a shaft and drop 2 floors!
  1523 | D:3      | Learned a level 3 spell: Frozen Ramparts
  1527 | D:3      | Learned a level 3 spell: Ozocubu's Armour
  1874 | D:3      | Reached skill level 4 in Spellcasting
  1878 | D:3      | Reached XP level 4. HP: 24/24 MP: 8/12
  2145 | D:3      | Found a faded altar of an unknown god.
  2602 | D:4      | Reached XP level 5. HP: 4/28 MP: 11/14
  2907 | D:2      | Noticed Jessica
  2910 | D:2      | Killed Jessica
  2949 | D:2      | Reached skill level 5 in Spellcasting
  3281 | D:2      | Noticed Robin
  3293 | D:2      | Killed Robin
  3745 | D:2      | Found a broken altar of Ashenzari.
  4005 | D:4      | Noticed Pikel
  4007 | D:4      | Noticed a lemure
  4008 | D:4      | Noticed a lemure
  4011 | D:4      | Noticed a lemure
  4018 | D:4      | HP: 1/28 [Pikel/+0 whip of freezing (2)]
  4019 | D:4      | Killed Pikel
  4019 | D:4      | Reached skill level 1 in Polearms
  4019 | D:4      | Reached skill level 7 in Spellcasting
  4019 | D:4      | Reached XP level 6. HP: 2/33 MP: 6/18
  4019 | D:4      | Reached XP level 7. HP: 2/37 MP: 6/19
  4360 | D:4      | Noticed Edmund
  4381 | D:4      | Killed Edmund
  4727 | D:4      | Reached skill level 8 in Spellcasting
  5143 | D:5      | Entered Level 5 of the Dungeon
  5408 | D:5      | Reached XP level 8. HP: 38/42 MP: 19/22
  5722 | D:5      | Reached skill level 9 in Spellcasting
  5747 | D:5      | Learned a level 4 spell: Summon Ice Beast
  6018 | D:5      | Reached skill level 1 in Fighting
  6065 | D:5      | Reached skill level 1 in Short Blades
  7026 | D:6      | Found a runed translucent door.
  7031 | D:6      | Noticed Whiskey's ghost (novice OpIE)
  7083 | D:6      | Reached skill level 1 in Summonings
  7318 | D:6      | Found a staircase to the Ecumenical Temple.
  7355 | D:6      | Slain by a centaur

Illustrated notes

Levels and vault maps discovered:
D:1:      nicolae_arrival_washed_ashore, layout_loops_ring
D:2:      minmay_recursive_quarters, layout_basic, ashenzari_altar_1,
          uniq_jessica, uniq_robin
D:3:      layout_basic, chequers_ecumenical_altar_island, minmay_starry_boxes
D:4:      layout_loops_ring, uniq_edmund, uniq_pikel
D:5:      minmay_chambers_of_threes, layout_basic
D:6:      layout_loops_corners, minmay_temple_entry_butterflies,
          ebering_ghost_sewer_f, okawaru_trees_2

Skill      XL: |  1  2  3  4  5  6  7  8 |
---------------+-------------------------+-----
Stealth        | 3 4 |  4.3
Ice Magic      | 5 7 8 |  8.3
Spellcasting   | 4 7 8 9 |  9.7
Polearms       | 1 |  1.4
Dodging        | 3 |  3.1
Fighting       | 1 |  1.0
Short Blades   | 1 |  1.4
Summonings     | 1 |  1.6

Action                   |  1- 3 |  4- 6 |  7- 9 || total
-------------------------+-------+-------+-------++-------
Melee: Unarmed           |    17 |       |       ||    17
       Spear             |     3 |    58 |       ||    61
       Dagger            |       |     3 |    64 ||    67
 Cast: Freeze            |    57 |     2 |     3 ||    62
       Frozen Ramparts   |     3 |    24 |    24 ||    51
       Summon Ice Beast  |       |       |     9 ||     9
  Use: Potion            |     3 |       |     3 ||     6
 Stab: Sleeping          |     1 |     2 |     2 ||     5
       Distracted        |       |     1 |       ||     1
Armor: Robe              |    17 |     7 |    18 ||    42
       Skin              |       |       |     9 ||     9
Dodge: Dodged            |    48 |    63 |    77 ||   188

Table legend: (Time is in decaauts)
 A = Elapsed time spent in this place.
 B = Non-inter-level travel time spent in this place.
 C = Inter-level travel time spent in this place.
 D = Time resting spent in this place.
 E = Time spent auto-exploring this place.
 F = Levels seen in this place.
 G = Mean time per level.
                   A        B        C        D        E       F      G
               +--------+--------+--------+--------+--------+-----+--------+
         Total |   7365 |   7165 |    200 |    793 |   5298 |   6 | 1227.5 |
       Dungeon |   7365 |   7165 |    200 |    793 |   5298 |   6 | 1227.5 |
               +--------+--------+--------+--------+--------+-----+--------+

Top non-repeatable levels by time:
     D:3: 1646 daAuts
     D:5: 1295 daAuts
     D:4: 1234 daAuts
     D:2: 1220 daAuts
     D:1: 1054 daAuts
     D:6: 915 daAuts
